 Dungeon Crawl Stone Soup version 0.32-a0-928-g1cae6b7ea0 (webtiles) character file.

Game seed: 17798725747985732278

545084 spaghetti the Wrestler (level 25, -13/251 HPs)
             Began as a Naga Berserker on Apr 11, 2024.
             Was an Elder of Trog.
             Mangled by Tiamat
             ... wielding a +2 bardiche of venom
              (86 damage)
             ... on level 1 of the Realm of Zot on Apr 13, 2024.
             The game lasted 01:47:54 (86801 turns).

spaghetti the Wrestler (Naga Berserker)            Turns: 86801, Time: 01:47:54

Health: -13/251    AC: 43    Str: 27    XL:     25   Next: 46%
Magic:  6/32       EV: 20    Int:  7    God:    Trog [****..]
Gold:   5430       SH: 36    Dex: 25    Spells: 24/24 levels left

rFire   + .          .
                       - Unarmed
rCold   . . .        O - +10 tower shield of Ignorance {rN+ Int-4}
rNeg    + . .        d - +6 faerie dragon scales {Fly rPois rCorr Dex+2}
rPois   +            Z - +2 helmet
rElec   +            J - +2 cloak
rCorr   +            D - +3 Mad Mage's Maulers {Infuse+∞ VampMP -Cast}
SInv    +            T - +0 barding
Will    +++..        N - amulet of Ufetutta {rElec rF+ Regen+ Str+5 Dex+3}
Stlth   +++          G - ring "Caijug" {AC+4 Int+3}
HPRegen 1.41/turn    R - ring of the Octopus King {HP+2 MP+9 AC+2 EV+2 SH+2}
MPRegen 0.23/turn

%: no spellcasting, infuse magic (6 MP)
@: lethally poisoned (-13 -> -14), about to teleport, corroded, on berserk
cooldown, flying, slowed, very slow
A: AC +8, large, see invisible, deformed body, poison resistance, slowness 2,
spit poison 1, naga tail 2, stinger 1, iridescent scales 1, thin skeletal
structure 1, dopey 1
}: 4/15 runes: decaying, serpentine, silver, abyssal
a: Spit Poison, Renounce Religion, Berserk, Trog's Hand, Brothers in Arms


You were on level 1 of the Realm of Zot.
You worshipped Trog.
Trog was greatly pleased with you.
You visited 10 branches of the dungeon, and saw 43 of its levels.
You visited the Abyss 3 times.
You also visited: Ice Cave.

You collected 7185 gold pieces.
You spent 1755 gold pieces at shops.

Inventory:

Hand Weapons
 S - a +2 hand cannon of freezing
Missiles
 i - 14 javelins
 q - a throwing net
 v - 9 curare-tipped darts
Armour
 d - the +6 faerie dragon scales (worn) {Fly rPois rCorr Dex+2}
   (You took it off the Enchantress on level 4 of the Depths)

   Dex+2:     It affects your dexterity (+2).
   rPois:     It protects you from poison.
   Fly:       It grants you flight.
   rCorr:     It protects you from acid and corrosion.
 D - the +3 Mad Mage's Maulers (worn) {Infuse+∞ VampMP -Cast}
   (You bought it in a shop on level 6 of the Dungeon)

   Infuse+∞: It empowers its wearer's blows with all of their magic.
   VampMP:    Blows struck in melee replenish the wearer's magic.
   -Cast:     It prevents spellcasting.
 E - a +7 plate armour
 J - a +2 cloak (worn)
 O - the +10 tower shield of Ignorance (worn) {rN+ Int-4}
   (You found it on level 14 of the Dungeon)

   Int-4:     It affects your intelligence (-4).
   rN+:       It protects you from negative energy.
 T - a +0 barding (worn)
 Z - a +2 helmet (worn)
Jewellery
 o - a ring of magical power
 G - the ring "Caijug" (left hand) {AC+4 Int+3}
   (You found it on level 5 of the Lair of Beasts)

   [ring of protection]

   AC+4:      It affects your AC (+4).
   Int+3:     It affects your intelligence (+3).
 N - the amulet of Ufetutta (around neck) {rElec rF+ Regen+ Str+5 Dex+3}
   (You acquired it on level 14 of the Dungeon)

   [amulet of regeneration]

   Str+5:     It affects your strength (+5).
   Dex+3:     It affects your dexterity (+3).
   rF+:       It protects you from fire.
   rElec:     It insulates you from electricity.
   Regen+:    It increases your rate of health regeneration.
 Q - a ring of positive energy
 R - a ring of the Octopus King (right hand) {HP+2 MP+9 AC+2 EV+2 SH+2}
   (You found it on level 4 of the Depths)

   [ring of magical power]

   AC+2:      It affects your AC (+2).
   EV+2:      It affects your evasion (+2).
   HP+2:      It affects your health (+2).
   MP+9:      It affects your magic capacity (+9).
   SH+2:      It affects your SH (+2).
Wands
 a - a wand of warping (64)
 p - a wand of flame (102)
 t - a wand of paralysis (101)
 B - a wand of digging (21)
 H - a wand of polymorph (18)
Scrolls
 b - 7 scrolls of vulnerability
 c - 12 scrolls of poison
 e - 2 scrolls of blinking
 f - 3 scrolls of butterflies
 u - 6 scrolls of enchant weapon
 w - 5 scrolls of teleportation
 x - a scroll of immolation
 A - 2 scrolls of enchant armour
 C - 2 scrolls of fog
 F - 21 scrolls of identify
 K - 2 scrolls of revelation
 X - a scroll of torment
Potions
 g - 18 potions of curing
 j - 7 potions of invisibility
 k - 5 potions of might
 l - a potion of lignification
 m - 3 potions of cancellation
 n - 7 potions of attraction
 r - a potion of mutation
 s - 3 potions of resistance
 z - 3 potions of ambrosia
 I - a potion of magic
 M - 4 potions of haste
 P - 4 potions of heal wounds
 Y - 4 potions of enlightenment
Miscellaneous
 h - a phial of floods (inert)
 y - a tin of tremorstones (2/2)
 L - a phantom mirror (inert)
 W - a box of beasts (inert)


   Skills:
 + Level 19.4 Fighting
 - Level 8.0 Throwing
 + Level 14.2 Armour
 * Level 15.0 Dodging
 + Level 20.4 Shields
 + Level 24.5 Unarmed Combat
 - Level 8.0 Evocations


You had 24 spell levels left.
You didn't know any spells.
Your spell library contained the following spells:

 Spells                   Type           Power      Damage    Failure   Level
 Apportation              Tloc           0%         N/A       63%         1
 Shock                    Conj/Air       0%         1d3       63%         1
 Ensorcelled Hibernation  Hex/Ice        0%         N/A       77%         2
 Jinxbite                 Hex            0%         N/A       77%         2
 Lesser Beckoning         Tloc           0%         N/A       77%         2
 Mercury Vapours          Alch/Air       0%         N/A       77%         2
 Frozen Ramparts          Ice            0%         1d1       94%         3
 Fugue of the Fallen      Necr           0%         N/A       94%         3
 Hailstorm                Conj/Ice       0%         3d5       94%         3
 Inner Flame              Hex/Fire       0%         N/A       94%         3
 Maxwell's Portable Pile  Tloc           0%         2d(5-13)  94%         3
 Passwall                 Erth           0%         N/A       94%         3
 Sigil of Binding         Hex            0%         N/A       94%         3
 Stone Arrow              Conj/Erth      0%         3d7       94%         3
 Summon Ice Beast         Ice/Summ       0%         N/A       94%         3
 Swiftness                Air            0%         N/A       94%         3
 Teleport Other           Tloc           0%         N/A       94%         3
 Airstrike                Air            0%         2d(0-16)  100%        4
 Brom's Barrelling Bould  Conj/Erth      0%         2d3       100%        4
 Fulminant Prism          Conj/Alch      0%         3d5       100%        4
 Ignite Poison            Fire/Alch      0%         N/A       100%        4
 Leda's Liquefaction      Alch/Erth      0%         N/A       100%        4
 Petrify                  Alch/Erth      0%         N/A       100%        4
 Sticky Flame             Fire/Alch      0%         2d4       100%        4
 Alistair's Intoxication  Alch           0%         N/A       100%        5
 Arcjolt                  Conj/Air       0%         1d10      100%        5
 Metabolic Englaciation   Hex/Ice        0%         N/A       100%        5
 Conjure Ball Lightning   Conj/Air       0%         3x3d6     100%        6
 Death Channel            Necr           0%         N/A       100%        6
 Permafrost Eruption      Ice/Erth       0%         2x4d1     100%        6
 Sculpt Simulacrum        Ice/Alch       0%         N/A       100%        6
 Starburst                Conj/Fire      0%         6d3       100%        6
 Spellforged Servitor     Conj/Summ      0%         N/A       100%        7
 Lehudib's Crystal Spear  Conj/Erth      0%         10d2      100%        8
 Maxwell's Capacitive Co  Air            0%         ∞         100%        8


Dungeon Overview and Level Annotations

Branches:
Dungeon (15/15)            Temple (0/1) D:4            Lair (5/5) D:9
  Swamp (4/4) Lair:3        Snake (4/4) Lair:3        Slime (0/5) Lair:5
    Orc (2/2) D:9             Elf (2/3) Orc:2        Vaults (5/5) D:13
  Crypt (0/3) Vaults:2     Depths (4/4) D:15           Hell (visited)
    Zot (1/5) Depths:4      IceCv (visited)
    Dis: Hell:1         Geh: Hell:1         Coc: Hell:1         Tar: Hell:1

Altars:
Ashenzari
Fedhas
Kikubaaqudgha
Okawaru
Qazlal
Ru
Sif Muna
Trog
Uskayaw
Vehumet
Wu Jian
Zin
Jiyva

Shops:
D:6 [*!   Orc:2 *[:(   Snake:1 =   Snake:2 (   Snake:3 =:(=*[   Snake:4 =
Vaults:3 [   Vaults:5 (   Depths:1 =*

Portals:
Hell: Depths:1 Depths:2 Depths:3 Depths:4
Abyss: Depths:1 Depths:2 Depths:3 Depths:4
Pandemonium: Depths:2 Depths:4
Ziggurat: Depths:2
Trove: Vaults:1 (give +5 ice dragon scales)

Annotations:
D:14 1 runed translucent door, exclusion: 4 orange crystal statues
Lair:3 exclusion: oklob plant
Lair:5 exclusion: 2 oklob plants
Swamp:3 2 transporters, Yjagoq's ghost, adept CoBe
Elf:2 3 runed translucent doors, exclusion: orange crystal statue
Depths:2 exclusion: 3 daevas
Depths:4 exclusion: 4 draconian stormcallers
Zot:1 Tiamat


Innate Abilities, Weirdness & Mutations

Your serpentine skin is tough. (AC +8)
You have supernaturally acute eyesight. (SInv)
Armour fits poorly on your strangely shaped body.
Your system is resistant to poisons. (rPois)
You cover ground very slowly.
You can spit poison.
You can use your snake-like lower body to constrict enemies.
Your tail ends in a venomous barb.
You are partially covered in iridescent scales. (AC +2)
You have a somewhat thin skeletal structure. (Dex +2, Stealth+)
You are dopey. (Int -2)


Message History

Your ogre's corpse disappears in a puff of smoke!
Unknown command.
Blink to where?
Press: ? - help, Dir - move target
As you read the scroll of blinking, it crumbles to dust.
You feel very sick.
As you read the scroll of teleportation, it crumbles to dust.
You feel strangely unstable.
You feel the Orb delaying your translocation!
You feel very sick.
As you read the scroll of fog, it dissolves into smoke.
You feel sick.
Unknown command.
Unknown command.
Okay, then.
Aiming: Phantom Mirror
Press: ? - help, Dir - move target, f - Tiamat
Aim: Tiamat, wielding a +2 bardiche of venom and wearing the +4 dragonskin cloak {Aegis} (moderately wounded, berserk)
You reflect Tiamat with the mirror!
The mirror clouds!
You feel sick.
Tiamat rages.
Tiamat hits Tiamat from afar with a +2 bardiche of venom!!
You block Tiamat's attack.
Tiamat closely misses Tiamat.
Unknown command.
Unknown command.
Aim the phial where?
Press: ? - help, Shift-Dir - straight line, f/p - Tiamat
Aim: Tiamat, wielding a +2 bardiche of venom and wearing the +4 dragonskin cloak {Aegis} (blue smoke, moderately wounded, berserk, 74% to hit)
The torrent of water hits Tiamat but does no damage.
Tiamat is moderately wounded.
The wave splashes down.
You feel sick.
You hear a chilling moan.
You hear a roar!
You hear a deafening roar!
Tiamat completely misses you.
You hear a roar! x2
Unknown command.
Unknown command.
You open the lid... ...and a mature shockox beast leaps out!
The box is emptied!
You feel sick.
Tiamat hits you from afar with a +2 bardiche of venom!!!!
You die...

#...# ##### #...# #...#
#...# #######...#####...#
..............#...#
..................###
......§§§§§.........#####
.......§§§§.............#
......§§@§§.............#
#######§§H§.............#
#..d########...#.)...#
#.~.# ######..... ##.d.#
#..... ##.#### ###...
####...# ##.. #......#
#... #.[....# #...


You could see Tiamat (berserk, unsilenced, waterlogged, ally target) and a
friendly mature shockox beast (summoned, wandering).

Vanquished Creatures
  2 dread liches (Vaults:5)
  Mara (Depths:3)
  A juggernaut (Depths:3)
  Parghit (Depths:4)
  Saint Roka (Vaults:5)
  The ghost of Lokkir the Myrmidon, a veteran GnWn of Okawaru (Depths:4)
  10 golden dragons
  The ghost of Zuofef the Metallomancer, a veteran GrEE of Gozag (Depths:4)
  the Enchantress (Depths:4)
  3 profane servitors (Abyss:1)
  An iron giant (Depths:4)
  A bone dragon (Abyss:1)
  Rupert (D:13)
  4 tentacled monstrosities
  3 liches
  4 walking frostbound tomes (Depths:3)
  6 titans
  2 quicksilver dragons
  Frances (D:13)
  13 tentacled starspawn
  4 sphinxes
  A death cob (Zot:1)
  2 shadow dragons
  2 thorn hunters
  Agnes (Snake:1)
  7 tengu reavers
  Donald (Snake:1)
  7 storm dragons
  The ghost of Vegox the Wallflower, an adept MiHs of Uskayaw (Depths:4)
  Aizul (Snake:1)
  4 nagarajas (Snake:4)
  A draconian monk (Zot:1)
  A protean progenitor (Zot:1)
  18 vault wardens
  Roxanne (Snake:3)
  4 fire giants
  A ghost moth (Abyss:4)
  A fenstrider witch (Swamp:1)
  11 frost giants
  A balrug (Depths:4)
  4 iron dragons
  A deep elf sorcerer (Abyss:1)
  2 orc warlords
  3 reapers
  2 spriggan defenders (Depths:4)
  A formless jellyfish (Vaults:3)
  21 ironbound preservers
  A draconian annihilator (Zot:1)
  17 very ugly things
  15 stone giants
  8 ironbound thunderhulks
  2 eleionomae
  2 green draconians
  4 vampire knights
  4 spark wasps
  A deep elf annihilator (Vaults:4)
  A lorocyproca (Depths:2)
  2 black draconians (Depths:4)
  4 deep elf death magi
  3 bunyips
  A purple draconian (Zot:1)
  22 dire elephants
  2 red draconians (Zot:1)
  A war gargoyle (Vaults:5)
  A yellow draconian (Depths:4)
  8 ettins
  Snorg (D:13)
  An eidolon (Vaults:2)
  2 blizzard demons (Abyss:1)
  3 green deaths
  An entropy weaver (Vaults:3)
  A deep elf high priest (Vaults:5)
  5 rakshasas
  10 fire dragons
  15 yaktaur captains
  6 great orbs of eyes
  A spriggan zombie (Abyss:4)
  6 ice dragons
  36 vault guards
  4 spriggan air magi (Depths:4)
  17 alligators
  2 salamander tyrants (Snake:4)
  An ogre mage (Vaults:5)
  A ghost crab (Swamp:2)
  7 ironbound frosthearts
  11 hydras
  10 anacondas
  3 two-headed ogres
  The ghost of Gazog the Black Belt, a journeyman DsGl of Gozag (D:12)
  6 centaur warriors
  12 death yaks
  A fenstrider witch skeleton (Abyss:1)
  A two-headed ogre (shapeshifter) (Vaults:5)
  9 dancing weapons
  A death knight (D:10)
  A vampire mage (Depths:4)
  3 catoblepae
  2 demonic crawlers (Abyss:1)
  The ghost of bronco the Arsonist, a novice MDFE of Vehumet (D:8)
  6 boulder beetles
  4 spriggan berserkers
  8 tengu warriors
  9 deep troll shamans
  4 naga sharpshooters
  10 deep troll earth magi
  14 naga warriors
  An occultist (Abyss:4)
  5 deep elf knights
  6 orc high priests
  A sun demon (Depths:4)
  4 thrashing horrors
  A soul eater (Depths:2)
  5 shock serpents
  Amaemon (Lair:2)
  A hell knight (Abyss:1)
  A storm dragon zombie (Depths:1)
  14 iron trolls
  5 skeletal warriors
  A salamander mystic (Snake:4)
  A death drake (shapeshifter) (Depths:2)
  A spatial maelstrom (Abyss:1)
  2 sixfirhies (Abyss:1)
  91 deep trolls
  7 goliath frogs
  13 mana vipers
  10 swamp dragons
  5 wretched stars
  3 deep elf archers
  2 glowing orange brains
  A flayed ghost (Abyss:2)
  4 naga ritualists
  4 spriggan druids
  11 orc knights
  8 arcanists
  An anaconda zombie (Abyss:1)
  15 bog bodies
  11 large abominations
  3 obsidian bats
  5 lindwurms
  4 thermic dynamos (Elf:2)
  14 deep elf zephyrmancers
  A frost giant zombie (Depths:1)
  4 phantasmal warriors (Vaults:5)
  10 ironbound convokers
  3 necromancers
  A stone giant zombie (Depths:2)
  5 harpies (Vaults:3)
  An oklob plant (Abyss:4)
  20 deep elf pyromancers
  An orb spider (shapeshifter) (Vaults:5)
  4 orc sorcerers
  39 ugly things
  14 salamanders
  4 will-o-the-wisps
  A fire giant zombie (Depths:2)
  A worldbinder (Abyss:1)
  11 elephants
  10 cyclopes
  A manticore (D:10)
  16 vault sentinels
  3 moths of wrath (Zot:1)
  31 black mambas
  8 guardian serpents
  A torpor snail (Lair:3)
  2 kobold blastminers (Orc:2)
  An ice statue (IceCv)
  2 apocalypse crabs
  3 smoke demons
  Joseph (D:7)
  An alligator snapping turtle zombie (Abyss:1)
  11 naga magi
  A gargoyle (D:13)
  3 orange demons
  An unseen horror (Abyss:1)
  5 rime drakes
  11 cane toads
  Maggie (D:8)
  2 efreet
  3 kobold demonologists
  8 komodo dragons
  5 freezing wraiths
  3 tengu conjurers
  An anaconda simulacrum (IceCv)
  A guardian mummy (Vaults:1)
  35 yaktaurs
  4 ancient zymes
  7 trolls
  A silent spectre (Abyss:1)
  4 tyrant leeches
  5 polar bears
  11 hornets
  A glass eye (shapeshifter) (Vaults:4)
  A dream sheep (shapeshifter) (Depths:3)
  An ettin zombie (Abyss:2)
  23 raiju
  6 dream sheep (Lair:5)
  2 glass eyes (Depths:3)
  27 blink frogs
  4 vampires
  An air elemental (Elf:2)
  3 water elementals
  56 yaks
  15 spriggans
  6 shadows
  A fire elemental (Elf:1)
  A ynoxinul (Abyss:2)
  29 slime creatures
  65 starcursed masses
  4 wyverns
  5 wargs
  7 wraiths
  2 basilisks
  7 vampire mosquitoes
  4 chaos spawn
  3 steam dragons
  2 death yak simulacra (IceCv)
  5 neqoxecs
  18 swamp worms
  29 nagas
  3 harpy simulacra (IceCv)
  3 acid dragons
  15 water moccasins
  A hydra simulacrum (IceCv)
  A human skeleton (Depths:2)
  A sky beast (D:6)
  7 black bears
  A swamp drake (Swamp:1)
  13 laughing skulls
  30 orc warriors
  3 ice beasts
  An ettin simulacrum (Depths:1)
  18 small abominations
  7 ogres
  3 boggarts (Vaults:4)
  5 wolves (Lair:5)
  6 centaurs
  2 phantoms
  3 weeping skulls
  2 kobold brigands
  A human zombie (Vaults:2)
  2 earth elementals (Elf:2)
  13 bullfrogs
  2 brain worms
  A gnoll sergeant (D:9)
  7 scorpions
  4 cane toad simulacra (IceCv)
  5 two-headed ogre simulacra (IceCv)
  21 wights
  7 killer bees
  2 elephant simulacra (IceCv)
  3 howler monkeys
  2 electric eels (Lair:5)
  A bombardier beetle (D:5)
  A crimson imp (Abyss:1)
  4 lava snakes (Snake:4)
  2 quasits (Abyss:1)
  2 hounds
  5 jellies
  14 orc priests
  2 iron imps (Abyss:1)
  2 iguanas (D:5)
  24 orc wizards
  12 hell rats
  3 spriggan simulacra (IceCv)
  6 troll simulacra (IceCv)
  2 polar bear simulacra (IceCv)
  3 wolf simulacra (IceCv)
  7 gnolls
  6 naga simulacra (IceCv)
  12 adders
  2 shadow imps
  24 white imps
  11 ufetubi
  4 dart slugs
  63 orcs
  4 bats
  5 endoplasms
  3 giant cockroaches
  5 goblins
  10 hobgoblins
  7 kobolds
  7 quokkas
  6 ball pythons
  5 frilled lizards (D:2)
  2 rats
  2 lurking horrors
  5 starspawn tentacles
1879 creatures vanquished.

Vanquished Creatures (collateral kills)
  A tentacled monstrosity (Vaults:5)
  A lich (Abyss:4)
  A titan (Vaults:5)
  A shadow dragon (Depths:3)
  A tentacled starspawn (Abyss:4)
  2 vault wardens
  A draconian stormcaller (Depths:4)
  A stone giant (Vaults:5)
  2 ironbound preservers
  A very ugly thing (Depths:3)
  A spriggan defender (Depths:4)
  A starflower (Abyss:4)
  An ettin (Vaults:4)
  An ogre mage (Vaults:5)
  An orc high priest (Vaults:5)
  A thrashing horror (Abyss:4)
  A naga sharpshooter (Snake:2)
  A naga warrior (Snake:3)
  2 wretched stars (Abyss:4)
  A deep elf archer (Vaults:5)
  A salamander mystic (Snake:2)
  A sea snake (Snake:3)
  8 deep trolls
  An ironbound convoker (Vaults:4)
  2 phantasmal warriors (Vaults:5)
  2 orc knights (Vaults:5)
  A necromancer (Vaults:2)
  9 starcursed masses (Abyss:4)
  2 worldbinders (Abyss:4)
  2 salamanders (Snake:2)
  2 black mambas (Snake:3)
  6 guardian serpents
  An orange demon (Abyss:4)
  A yaktaur (Vaults:4)
  2 ancient zymes (Abyss:4)
  A stone giant simulacrum (Vaults:2)
  3 spriggans (Depths:4)
  A yaktaur simulacrum (Vaults:2)
  A human simulacrum (Vaults:2)
  3 nagas
  An orc warrior (Vaults:5)
  A boggart (Vaults:4)
  An orc priest (Vaults:5)
  2 orcs (Vaults:5)
78 creatures vanquished.

Vanquished Creatures (others)
  A shadow dragon (Vaults:5)
  2 deep elf knights
  An elf skeleton (Vaults:2)
  A tengu conjurer (Depths:3)
  A bloated husk (Swamp:1)
  A spriggan (Swamp:1)
  An orc warrior (Orc:2)
  A boggart (Vaults:4)
  A small abomination (Abyss:1)
  26 foxfires
  28 starspawn tentacles
64 creatures vanquished.

Grand Total: 2021 creatures vanquished

Notes
Turn   | Place    | Note
-------+----------+-------------------------------------------
     0 | D:1      | spaghetti the Naga Berserker began the quest for the Orb.
     0 | D:1      | Reached XP level 1. HP: 21/21 MP: 1/1
    92 | D:1      | You fall into a shaft and drop 1 floor!
   175 | D:2      | Reached XP level 2. HP: 19/28 MP: 2/2
   356 | D:2      | Reached skill level 4 in Unarmed Combat
   416 | D:2      | Reached XP level 3. HP: 18/34 MP: 3/3
   643 | D:2      | Got the Grimoire of Foggy Algor
   744 | D:2      | Reached ** piety under Trog
   769 | D:2      | Reached XP level 4. HP: 42/42 MP: 4/4
   833 | D:2      | Reached skill level 5 in Unarmed Combat
  1152 | D:3      | Upgraded the game from 0.32-a0-918-g0f22ef8d61 to
                  | 0.32-a0-928-g1cae6b7ea0
  1209 | D:3      | Reached XP level 5. HP: 49/49 MP: 5/5
  1299 | D:3      | Found a stormy altar of Qazlal.
  1444 | D:3      | Reached skill level 6 in Unarmed Combat
  1530 | D:3      | Found a glowing silver altar of Zin.
  1782 | D:4      | Found a staircase to the Ecumenical Temple.
  1867 | D:4      | Reached XP level 6. HP: 48/56 MP: 6/6
  1934 | D:4      | Reached skill level 7 in Unarmed Combat
  2031 | D:4      | Found a shimmering blue altar of Sif Muna.
  2091 | D:4      | Noticed a black bear
  2102 | D:4      | Killed a black bear
  2103 | D:4      | Reached XP level 7. HP: 23/62 MP: 7/7
  2426 | D:4      | Reached skill level 8 in Unarmed Combat
  2932 | D:5      | Entered Level 5 of the Dungeon
  3152 | D:5      | Reached skill level 9 in Unarmed Combat
  3381 | D:5      | Reached skill level 1 in Evocations
  3433 | D:5      | Reached XP level 8. HP: 56/69 MP: 8/8
  3848 | D:5      | Found an iron altar of Okawaru.
  4319 | D:6      | Reached skill level 5 in Evocations
  4540 | D:6      | Found Yxupieve's General Store.
  4554 | D:6      | Reached skill level 10 in Unarmed Combat
  4554 | D:6      | Reached XP level 9. HP: 42/75 MP: 9/9
  4723 | D:6      | Found Estrieni's Distillery.
  5011 | D:6      | Found Hohopios's Antique Armour Emporium.
  5454 | D:7      | Noticed Joseph
  5465 | D:7      | Killed Joseph
  5793 | D:7      | Reached skill level 11 in Unarmed Combat
  5972 | D:7      | Reached XP level 10. HP: 80/84 MP: 10/10
  6362 | D:8      | Noticed Maggie
  6363 | D:8      | Reached skill level 12 in Unarmed Combat
  6532 | D:8      | Killed Maggie
  6702 | D:8      | Found a runed translucent door.
  6702 | D:8      | Noticed bronco's ghost (novice MDFE)
  6998 | D:8      | Killed bronco's ghost
  6999 | D:8      | Reached skill level 13 in Unarmed Combat
  7247 | D:9      | Found a staircase to the Orcish Mines.
  7320 | D:9      | Reached skill level 14 in Unarmed Combat
  7524 | D:9      | Noticed an elephant
  7536 | D:9      | Killed an elephant
  7537 | D:9      | Reached XP level 11. HP: 90/90 MP: 11/11
  7667 | D:9      | Gained mutation: You have a pair of small horns on your
                  | head. [potion of mutation]
  7667 | D:9      | Gained mutation: You occasionally lose the ability to read
                  | scrolls when taking damage. [potion of mutation]
  7667 | D:9      | Gained mutation: You have a pair of horns on your head.
                  | [potion of mutation]
  7667 | D:9      | Gained mutation: You are agile. (Dex +4, Str/Int -1)
                  | [potion of mutation]
  8165 | D:9      | Found a staircase to the Lair.
  8175 | D:9      | Reached skill level 15 in Unarmed Combat
  8293 | D:9      | Found an ornate altar of the Wu Jian Council.
  8293 | D:9      | Found an ancient bone altar of Kikubaaqudgha.
  8325 | D:10     | Entered Level 10 of the Dungeon
  8418 | Lair:1   | Entered Level 1 of the Lair of Beasts
  8666 | Lair:1   | Reached *** piety under Trog
  8774 | Lair:1   | Found a gate leading to a gauntlet.
  9559 | D:6      | Bought the +3 Mad Mage's Maulers {Infuse+∞ VampMP -Cast}
                  | for 520 gold pieces
  9559 | D:6      | Found the +3 Mad Mage's Maulers {Infuse+∞ VampMP -Cast}
  9791 | Lair:2   | Noticed Amaemon
  9798 | Lair:2   | Killed Amaemon
  9917 | Lair:2   | Reached skill level 16 in Unarmed Combat
 10474 | Lair:2   | Noticed a seven-headed hydra
 10479 | Lair:2   | Killed a seven-headed hydra
 10480 | Lair:2   | Reached XP level 12. HP: 100/100 MP: 8/12
 11260 | Lair:3   | Noticed a death yak
 11260 | Lair:3   | Noticed a death yak
 11260 | Lair:3   | Noticed a catoblepas
 11322 | Lair:3   | Found a staircase to the Swamp.
 11419 | Lair:3   | Reached skill level 17 in Unarmed Combat
 11666 | Lair:3   | Noticed a death yak
 11668 | Lair:3   | Noticed a death yak
 11670 | Lair:3   | Killed a death yak
 11672 | Lair:3   | Noticed a death yak
 11676 | Lair:3   | Killed a death yak
 12234 | Lair:4   | Reached skill level 18 in Unarmed Combat
 14060 | Lair:3   | Gained mutation: You can use your snake-like lower body to
                  | constrict enemies. [Naga growth]
 14060 | Lair:3   | Reached XP level 13. HP: 108/108 MP: 1/13
 14063 | Lair:3   | Reached skill level 19 in Unarmed Combat
 14990 | D:10     | Reached skill level 5 in Fighting
 15124 | D:10     | Found a sacrificial altar of Ru.
 16202 | D:10     | Identified the staff of Famine {rF+ Int+3 Fire Ice}
 16215 | D:10     | Found an iron altar of Okawaru.
 16263 | D:10     | Reached **** piety under Trog
 16557 | D:10     | Found an iron altar of Okawaru.
 16560 | D:10     | Found a broken altar of Ashenzari.
 16883 | D:10     | Found a shimmering blue altar of Sif Muna.
 16926 | D:10     | Found a hide-covered altar of Uskayaw.
 17055 | D:6      | Bought a runed cloak for 240 gold pieces
 17255 | D:10     | Found an ancient bone altar of Kikubaaqudgha.
 18725 | D:12     | Reached skill level 20 in Unarmed Combat
 18736 | D:12     | Reached skill level 5 in Dodging
 19008 | D:12     | Found a runed translucent gate.
 19008 | D:12     | Found a runed translucent gate.
 19008 | D:12     | Noticed Gazog's ghost (journeyman DsGl)
 19011 | D:12     | Found a runed translucent gate.
 19026 | D:12     | Reached XP level 14. HP: 115/121 MP: 2/14
 19940 | D:13     | Noticed Frances
 19949 | D:13     | Killed Frances
 19950 | D:13     | Reached skill level 1 in Shields
 20215 | D:13     | Identified the +1 chain mail of the Shining Light {rCorr
                  | Str+3 Dex-3}
 20523 | D:13     | Reached skill level 5 in Armour
 20666 | D:13     | Found a gate to the Vaults.
 20738 | D:13     | Noticed Snorg
 20743 | D:13     | Killed Snorg
 21024 | D:13     | Noticed Rupert
 21032 | D:13     | Killed Rupert
 22060 | D:14     | Reached skill level 5 in Shields
 22060 | D:14     | Identified a scroll of acquirement
 22180 | D:14     | Acquired the amulet of Ufetutta {rElec rF+ Regen+ Str+5
                  | Dex+3}
 22805 | D:14     | Found a runed translucent door.
 22805 | D:14     | Found the +10 tower shield of Ignorance {rN+ Int-4}
 22822 | D:14     | Found a runed translucent door.
 22981 | Lair:3   | Reached XP level 15. HP: 134/134 MP: 10/15
 23508 | Lair:3   | Found a staircase to the Snake Pit.
 23936 | Lair:5   | Entered Level 5 of the Lair of Beasts
 24663 | Lair:5   | Found a staircase to the Slime Pits.
 24678 | Lair:5   | Reached skill level 10 in Shields
 25712 | Lair:5   | Reached ***** piety under Trog
 26176 | Lair:5   | Identified the ring "Caijug" {AC+4 Int+3}
 26992 | Lair:5   | Found a viscous altar of Jiyva.
 27261 | Lair:5   | Lost mutation: You have a pair of horns on your head.
                  | [potion of mutation]
 27261 | Lair:5   | Lost mutation: You are agile. (Dex +4, Str/Int -1) [potion
                  | of mutation]
 27261 | Lair:5   | Gained mutation: Your mind is acute. (Int +4, Str/Dex -1)
                  | [potion of mutation]
 27261 | Lair:5   | Gained mutation: Your magical capacity is low. (-10% MP)
                  | [potion of mutation]
 27262 | Lair:5   | Lost mutation: You occasionally lose the ability to read
                  | scrolls when taking damage. [potion of mutation]
 27262 | Lair:5   | Lost mutation: Your mind is acute. (Int +4, Str/Dex -1)
                  | [potion of mutation]
 27262 | Lair:5   | Gained mutation: You are somewhat resistant to further
                  | mutation. [potion of mutation]
 27263 | Lair:5   | Lost mutation: Your magical capacity is low. (-10% MP)
                  | [potion of mutation]
 27263 | Lair:5   | Lost mutation: You are somewhat resistant to further
                  | mutation. [potion of mutation]
 27263 | Lair:5   | Lost mutation: You have a pair of small horns on your head.
                  | [potion of mutation]
 27263 | Lair:5   | Gained mutation: Your flesh is cold resistant. (rC+)
                  | [potion of mutation]
 27263 | Lair:5   | Lost mutation: Your flesh is cold resistant. (rC+) [potion
                  | of mutation]
 27263 | Lair:5   | Gained mutation: You are partially covered in iridescent
                  | scales. (AC +2) [potion of mutation]
 27263 | Lair:5   | Gained mutation: You have hidden genetic potential. [potion
                  | of mutation]
 28003 | D:15     | Entered Level 15 of the Dungeon
 28421 | D:15     | Found a staircase to the Depths.
 28539 | D:15     | Found a radiant altar of Vehumet.
 28659 | D:15     | Identified the ring of Gaoluhaf {Ice Str-5 Int+6 Dex+2
                  | Slay-6}
 29065 | D:15     | Found a broken altar of Ashenzari.
 29212 | D:15     | Reached XP level 16. HP: 136/142 MP: 3/16
 29652 | Orc:1    | Entered Level 1 of the Orcish Mines
 29662 | Orc:1    | Found a bloodstained altar of Trog.
 29814 | Orc:1    | Received a gift from Trog
 29834 | Orc:1    | Found a frozen archway.
 29848 | IceCv    | Entered an ice cave
 31490 | IceCv    | Received a gift from Trog
 32096 | D:6      | Bought a barding for 736 gold pieces
 32192 | Orc:2    | Entered Level 2 of the Orcish Mines
 32331 | Orc:2    | Found a staircase to the Elven Halls.
 32970 | Orc:2    | Reached ****** piety under Trog
 32971 | Orc:2    | Reached skill level 15 in Shields
 34564 | Orc:2    | Found Qiuhyne's Antique Armour Shoppe.
 34565 | Orc:2    | Found Leaqarif's Antique Weapon Emporium.
 34567 | Orc:2    | Found Ywkejira's General Store.
 34567 | Orc:2    | Found Vunah's Book Shoppe.
 34574 | Orc:2    | Bought a scroll of blinking for 105 gold pieces
 34574 | Orc:2    | Bought a potion of ambrosia for 112 gold pieces
 34574 | Orc:2    | Bought a potion of attraction for 42 gold pieces
 35028 | Orc:2    | Received a gift from Trog
 35145 | Elf:1    | Entered Level 1 of the Elven Halls
 35759 | Elf:1    | Gained mutation: Your tail ends in a venomous barb. [hidden
                  | potential]
 35760 | Elf:1    | Reached skill level 10 in Fighting
 36348 | Elf:1    | You fall into a shaft and drop 1 floor!
 36913 | Elf:2    | Found a runed translucent gate.
 36914 | Elf:2    | Found a runed translucent gate.
 36914 | Elf:2    | Found a runed translucent gate.
 36941 | Elf:2    | Received a gift from Trog
 37074 | Elf:1    | Reached XP level 17. HP: 156/156 MP: 0/17
 37494 | Elf:1    | Found a shimmering blue altar of Sif Muna.
 37855 | Snake:1  | Entered Level 1 of the Snake Pit
 37861 | Snake:1  | Noticed Agnes
 37865 | Snake:1  | Killed Agnes
 38016 | Snake:1  | Found Qeusch's Jewellery Shop.
 38039 | Snake:1  | Noticed Donald
 38054 | Snake:1  | Killed Donald
 38929 | Snake:1  | Identified the serpent talisman of Otues {Will+ Str+3 Int+2
                  | Dex-5}
 38929 | Snake:1  | Noticed Aizul
 38931 | Snake:1  | Killed Aizul
 39063 | Snake:1  | Received a gift from Trog
 40462 | Snake:2  | Gained mutation: You have a somewhat thin skeletal
                  | structure. (Dex +2, Stealth+) [hidden potential]
 40462 | Snake:2  | Lost mutation: You have hidden genetic potential. [hidden
                  | potential expressed]
 41153 | Snake:2  | Identified the +8 spear "Xaor" {speed, rElec rPois rC+
                  | Str+2}
 41467 | Snake:2  | Found Zaryaxik's Weapon Boutique.
 41473 | Snake:2  | Identified the +2 leather armour of Wu Jian's Generosity
                  | {Rampage rF+ Str+3}
 43058 | Snake:3  | Found Otaorem's General Store.
 43058 | Snake:3  | Found Iduxenaf's Weapon Shoppe.
 43071 | Snake:3  | Found Weruas's Jewellery Boutique.
 43187 | Snake:3  | Found Cihih's Armour Emporium.
 43435 | Snake:3  | Noticed Roxanne
 43443 | Snake:3  | Killed Roxanne
 43985 | Snake:3  | Found Geets's Jewellery Shop.
 43986 | Snake:3  | Found Kuggynir's Book Emporium.
 43988 | Snake:3  | Found Gyhiath's Jewellery Shop.
 44255 | Snake:3  | Reached XP level 18. HP: 170/170 MP: 3/18
 44625 | Swamp:1  | Entered Level 1 of the Swamp
 47147 | Swamp:2  | Acquired 620 gold pieces
 47153 | Swamp:2  | Identified the +7 mace "Xipn" {freeze, ^Drain rElec rF+}
 48322 | Swamp:3  | Received a gift from Trog
 48865 | Swamp:3  | Identified the ring of Gocruwkaugh {rF+ rC- Str+2 Dex+2
                  | SInv}
 49790 | Swamp:3  | Found a transporter.
 49795 | Swamp:3  | Found a transporter.
 49796 | Swamp:3  | Found a bloodstained altar of Trog.
 49799 | Swamp:3  | Noticed Yjagoq's ghost (adept CoBe)
 49800 | Swamp:3  | Found the +5 glaive of the Guard {elec, spectral}
 50158 | Swamp:4  | Entered Level 4 of the Swamp
 50422 | Swamp:4  | Reached skill level 21 in Unarmed Combat
 51787 | Swamp:4  | Noticed a tentacled monstrosity
 51807 | Swamp:4  | Killed a tentacled monstrosity
 51808 | Swamp:4  | Reached XP level 19. HP: 183/183 MP: 2/19
 51831 | Swamp:4  | Identified the +7 falchion of Qagobb {flame, Fly rF+ Will+}
                  | (Trog gifted it to you on level 4 of the Swamp)
 51831 | Swamp:4  | Received a gift from Trog
 51889 | Swamp:4  | Reached skill level 10 in Dodging
 52145 | Swamp:4  | Got a decaying rune of Zot
 52337 | Swamp:4  | Acquired 981 gold pieces
 52686 | Vaults:1 | Entered Level 1 of the Vaults
 53389 | Vaults:1 | Reached skill level 15 in Fighting
 53392 | Vaults:1 | Received a gift from Trog
 54346 | Vaults:1 | Reached skill level 10 in Armour
 55020 | Vaults:1 | Found a portal to a secret trove of treasure.
 56899 | Snake:4  | Entered Level 4 of the Snake Pit
 57166 | Snake:4  | Reached skill level 1 in Throwing
 57941 | Snake:4  | Reached XP level 20. HP: 190/196 MP: 3/20
 58002 | Snake:4  | Received a gift from Trog
 58182 | Snake:4  | Reached skill level 5 in Throwing
 58322 | Snake:4  | Got a serpentine rune of Zot
 58687 | Snake:4  | Found Biasuet's Jewellery Boutique.
 60297 | Vaults:2 | Got Sif Muna's Elucidation of Translocated Azoth
 61352 | Vaults:2 | Reached skill level 22 in Unarmed Combat
 61408 | Vaults:2 | Received a gift from Trog
 62017 | Vaults:2 | Found a staircase to the Crypt.
 62649 | Vaults:3 | Found Bitog's Armour Shoppe.
 62951 | Vaults:3 | Reached XP level 21. HP: 204/204 MP: 6/21
 64145 | Vaults:3 | Received a gift from Trog
 65136 | Vaults:4 | Noticed a golden dragon
 65152 | Vaults:4 | Killed a golden dragon
 67304 | Vaults:4 | Received a gift from Trog
 67491 | Vaults:5 | Entered Level 5 of the Vaults
 68381 | Vaults:5 | Noticed a dread lich
 68488 | Vaults:5 | Killed a dread lich
 68577 | Vaults:4 | Reached XP level 22. HP: 205/216 MP: 8/22
 69081 | Vaults:5 | Noticed a dread lich
 69089 | Vaults:5 | Killed a dread lich
 69239 | Vaults:5 | Identified the ring of Judalom {+Blink rF- Will+ Str-4
                  | Int+3}
 69248 | Vaults:5 | Noticed a golden dragon
 69270 | Vaults:5 | Killed a golden dragon
 69283 | Vaults:5 | Killed a ghostly golden dragon
 69292 | Vaults:5 | Noticed a golden dragon
 69460 | Vaults:5 | Killed a golden dragon
 69842 | Vaults:5 | Noticed Saint Roka
 69849 | Vaults:5 | Killed Saint Roka
 69858 | Vaults:5 | Reached skill level 23 in Unarmed Combat
 70196 | Vaults:5 | Noticed a golden dragon
 70214 | Vaults:5 | Killed a golden dragon
 70391 | Vaults:5 | Identified the +0 leather armour of Nice Happiness {+Inv
                  | rC+ Regen+}
 70394 | Vaults:5 | Got a silver rune of Zot
 70407 | Vaults:5 | Identified the +1 pair of gloves of the Monkey's Uncle
                  | {rF+}
 70643 | Vaults:5 | Found Ynoy's Antique Weapon Emporium.
 72386 | Vaults:5 | Got the Vellum of Incandescence and Melanosis
 72388 | Vaults:5 | Got Sif Muna's Catalogue of Fluctuating Bodies
 72390 | Vaults:5 | Got the Compendium of Force and Hermetica
 72404 | Vaults:5 | Got the Monograph on the Discharge
 72602 | D:12     | Killed Gazog's ghost
 72836 | Depths:1 | Entered Level 1 of the Depths
 72859 | Depths:1 | Found Deosoast's General Store.
 72859 | Depths:1 | Found Xusit's Jewellery Boutique.
 73169 | Depths:1 | Reached XP level 23. HP: 225/225 MP: 2/23
 73959 | Depths:1 | Found a one-way gate to the infinite horrors of the Abyss.
 73997 | Depths:1 | Found a gateway to Hell.
 74180 | Depths:1 | Found a stormy altar of Qazlal.
 74449 | Depths:1 | Voluntarily entered the Abyss.
 74818 | Abyss:1  | Received a gift from Trog
 75047 | Depths:1 | Escaped the Abyss
 75158 | Depths:1 | Voluntarily entered the Abyss.
 75660 | Abyss:1  | Received a gift from Trog
 76257 | Abyss:2  | Received a gift from Trog
 76266 | Abyss:2  | Found a corrupted altar of Lugonu.
 76352 | Depths:1 | Escaped the Abyss
 76584 | Depths:1 | Voluntarily entered the Abyss.
 76839 | Abyss:4  | Found a blossoming altar of Fedhas.
 76935 | Abyss:4  | Found a blossoming altar of Fedhas.
 76976 | Abyss:4  | Identified the +2 short sword "Wourr" {flame, rC+} (Trog
                  | gifted it to you on level 4 of the Abyss)
 76976 | Abyss:4  | Received a gift from Trog
 77001 | Abyss:4  | Paralysed by accursed screaming for 1 turns
 77005 | Abyss:4  | Found a corrupted altar of Lugonu.
 77005 | Abyss:4  | Found a corrupted altar of Lugonu.
 77007 | Abyss:4  | Got an abyssal rune of Zot
 77009 | Abyss:4  | Paralysed by accursed screaming for 2 turns
 77013 | Depths:1 | Escaped the Abyss
 77463 | Depths:1 | Reached XP level 24. HP: 238/238 MP: 2/23
 78534 | Depths:3 | Identified the +10 flail of Spontaneous Combustion {flame,
                  | Will+} (Trog gifted it to you on level 3 of the Depths)
 78534 | Depths:3 | Received a gift from Trog
 78551 | Depths:3 | Reached skill level 24 in Unarmed Combat
 78560 | Depths:3 | Noticed a juggernaut
 78573 | Depths:3 | Killed a juggernaut
 78900 | Depths:3 | Identified the ring "Ranotas" {Str+3 Int+6}
 78912 | Depths:3 | Got Kingoire's Handbook of Electricity and the Blaze
 79055 | Depths:4 | Entered Level 4 of the Depths
 79621 | Depths:4 | Noticed the Enchantress
 79622 | Depths:4 | Found a runed translucent door.
 79643 | Depths:4 | Killed the Enchantress
 79843 | Depths:4 | Noticed Vegox's ghost (adept MiHs)
 80590 | Depths:4 | Found a one-way gate leading to the halls of Pandemonium.
 80619 | Depths:4 | Noticed Parghit
 80626 | Depths:4 | Killed Parghit
 80806 | Depths:4 | Found a gate to the Realm of Zot.
 81479 | Hell     | Entered the Vestibule of Hell
 82368 | Depths:2 | Gained mutation: You are dopey. (Int -2) [a shining eye]
 82419 | Depths:2 | Received a gift from Trog
 83221 | Depths:2 | Found a one-way gateway to a ziggurat.
 83297 | Depths:2 | Found a blossoming altar of Fedhas.
 83872 | Depths:3 | Reached XP level 25. HP: 203/248 MP: 2/23
 85049 | Depths:3 | Noticed Mara
 85054 | Depths:3 | Killed Mara
 85055 | Depths:3 | Identified the +2 robe "Sienegac" {Will+ Int+5}
 85925 | Depths:4 | Killed Vegox's ghost
 85926 | Depths:4 | Found a runed translucent door.
 85930 | Depths:4 | Noticed Zuofef's ghost (veteran GrEE)
 85932 | Depths:4 | Found the ring of the Octopus King
 85949 | Depths:4 | Killed Zuofef's ghost
 85961 | Depths:4 | Identified a ring of the Octopus King {HP+2 MP+9 AC+2 EV+2
                  | SH+2}
 86106 | Depths:4 | Found a runed translucent door.
 86106 | Depths:4 | Noticed Lokkir's ghost (veteran GnWn)
 86136 | Depths:4 | Killed Lokkir's ghost
 86157 | Depths:4 | Identified the +4 dire flail "Gaixeygi" {heavy, +Blink rC+
                  | Int+3}
 86328 | Zot:1    | Entered Level 1 of the Realm of Zot
 86501 | Zot:1    | Reached skill level 15 in Dodging
 86771 | Zot:1    | Found the +4 dragonskin cloak {Aegis}
 86771 | Zot:1    | Noticed Tiamat
 86801 | Zot:1    | Mangled by Tiamat

Illustrated notes

Levels and vault maps discovered:
D:1:      wander_arrival_estate, layout_loops_ring
D:2:      minmay_razor_zed, layout_basic, minmay_crystal_room, minmay_tall_x
D:3:      layout_basic, lemuel_tele_altar, zin_statuary
D:4:      minmay_skewed_foursquare, layout_basic, led_sif_pool,
          minmay_temple_entry_wispy, serial_curves, eino_curves_04,
          eino_curves_02
D:5:      layout_rooms, old_standard_altar, glass_columns_b
D:6:      layout_basic, serial_shops, nicolae_shop_trees, shop, shop
D:7:      layout_basic, uniq_joseph
D:8:      layout_rooms, ebering_ghost_inner_flame, uniq_maggie
D:9:      layout_cave_pools, gammafunk_temple_overflow_wave,
          grunt_lair_entry_orc_guard_hut, david_orc_2
D:10:     minmay_the_grid_octo_tiled_octocenter
          [minmay_the_grid_octo_fan_narrow, minmay_the_grid_octo_shrine,
          minmay_the_grid_octo_focus, minmay_the_grid_octo_vomiting_pacman,
          minmay_the_grid_octo_prize_ultimate_mussel_roller,
          minmay_the_grid_square_5x5_minivault, minmay_the_grid_square_5x5_plus,
          minmay_the_grid_square_5x5_doubleslash,
          minmay_the_grid_square_5x5_slash], layout_rooms,
          mainiacjoe_overflow_24_doors, mainiacjoe_overflow_large_starburst
D:11:     layout_irregular_city
D:12:     layout_rooms, gammafunk_ghost_hydra_chop, the_hattery
D:13:     layout_cave_pods, david_vaults_5, uniq_snorg, uniq_rupert,
          uniq_frances
D:14:     layout_roguey, chequers_guarded_unrand_ignorance
D:15:     hangedman_depths_entry_civil_slaughter, layout_basic,
          nicolae_ashenzari_panopticon, nicolae_vehumet_radiance
Lair:1:   layout_loops_ring, gauntlet_entry_generic, grunt_megastairs_2
Lair:2:   layout_roguey, serial_bayou_pond_d, uniq_amaemon
Lair:3:   layout_chaotic_city, skrybe_swamp_entry_bodies,
          alex1729_snake_entry_snake, nicolae_lair_grazing_beasts
          [nicolae_sub_lair_graze_edge, nicolae_sub_lair_graze_edge,
          nicolae_sub_lair_graze_edge, nicolae_sub_lair_graze_edge]
Lair:4:   layout_cave_pods, infiniplex_staircase_pool
Lair:5:   grunt_lair_end_beastmaster, layout_gridlike,
          minmay_slime_entry_oklob_open, bobbens_ice_dragon_lair
Swamp:1:  layout_basic_swamp, evilmike_swamp_ruin_house_2, swamp_pool_3,
          nicolae_swamp_spooky_pond, nicolae_swamp_decorative_isthmus
Swamp:2:  layout_basic_swamp, nicolae_swamp_very_dense_foliage
Swamp:3:  layout_basic_swamp, gammafunk_ghost_wrathful_warriors,
          evilmike_swamp_ruin_house_6
Swamp:4:  swamp_vile, layout_basic_swamp
Snake:1:  layout_honeycomb, serial_shops, shop_fountains,
          nicolae_triple_integral, uniq_agnes, uniq_aizul, uniq_donald
Snake:2:  layout_layer_cave, minmay_shop_star
Snake:3:  nicolae_snake_unarmed_stairs_patrol, layout_rooms,
          nicolae_snake_serpentine_bazaar, minmay_shop_grove, uniq_roxanne
Snake:4:  hellmonk_snake_rune_quicksilver_temple, layout_basic, serial_shops,
          shop, uniq_nikola
Orc:1:    layout_caves, basic_altar, portal_ice_cave_entry_imps
Orc:2:    st_orc_congregation, layout_caves
Elf:1:    elf_arrival_001, layout_loops_ring, basic_altar,
          hangedman_elven_crosses_minicolossus
Elf:2:    nicolae_elf_blades_crystal_corner, layout_geoelf_octagon, basic_altar,
          serial_shops, shop, minmay_misc_feat_rows, minivault_15, st_stairs_2,
          lemuel_flamethrower_3, lemuel_elevator, uniq_norris
Vaults:1: nicolae_vaults_tetromino_T_1, nicolae_vaults_hexular_roomagon,
          vaults_dpeg_spiral, nicolae_vaults_little_squares_2,
          nicolae_vaults_trapezoid_lopsided_2, nicolae_vaults_steering_wheel,
          v_alt_pattern_6, vaults_dpeg_diagonal,
          vaults_room_grunt_arrival_checkpoint, ontoclasm_vaults_ligature,
          hangedman_vaults_stretched_pinwheel, nicolae_vaults_network_s,
          nicolae_vaults_prndl, v_misc_22, vaults_room_pools,
          nicolae_vaults_trapezoid_4, layout_vaults_maze,
          nicolae_trove_entry_path_of_doom
Vaults:2: hangedman_vaults_stitches, minmay_crypt_entry_simple_walls,
          nicolae_vaults_diamond_1, hangedman_vaults_capsules,
          nicolae_vaults_meiosis, vaults_room_corners,
          nicolae_vaults_sesquioval_fish, layout_vaults_omnigrid
Vaults:3: nicolae_vaults_more_shelving_1, nicolae_vaults_ring_of_whatevers,
          vaults_dpeg_emergency_exit, v_misc_4, v_misc_10,
          nicolae_vaults_trapezoid_3, ontoclasm_vaults_ring_small,
          nicolae_vaults_taking_the_gang_shopping, vaults_dpeg_ring,
          nicolae_vaults_storage_room_doors, nicolae_vaults_ninety_degrees,
          nicolae_vaults_shelves_hall, layout_vaults_chaotic_city
Vaults:4: grunt_vaults_hallway_short, nicolae_vaults_doubleplus_tesselated,
          nicolae_vaults_shipping_containers_1,
          nicolae_vaults_heart-shaped_vault, v_misc_12,
          hangedman_vaults_variations, lightli_orcish_oven,
          nicolae_vaults_little_squares_5, hangedman_vaults_restitches,
          nicolae_vaults_little_squares_5, layout_vaults_ring
Vaults:5: uniq_saint_roka
Depths:1: layout_roguey, hell_entry, abyss_entry_crystal,
          nicolae_qazlal_style_of_elements, roderic_lattice_octagonal_star,
          minmay_shoptagon
Depths:2: minmay_inside_and_out, layout_cave_shapes, enter_ziggurat_d,
          rand_demon_pan_entry_5, hell_entry, abyss_entry, fedhas_altar_3
Depths:3: minmay_containers, layout_gridlike,
          regret_index_abyss_entry_already_here, grunt_hell_entry_dis_old,
          minmay_checkered_concentric_circles, infiniplex_staircase_squiggle,
          uniq_mara
Depths:4: evilmike_zot_entry_argh, layout_basic, pan_entry, lightli_too_deep,
          muffindrake_ghost_three_little_ghosts, abyss_entry, uniq_parghit,
          uniq_enchantress
Hell
Zot:1:    kennysheep_ambush_hall, layout_misc_corridors,
          hellmonk_ghost_big_iron, uniq_tiamat

Skill      XL: |  1  2  3  4  5  6  7  8  9 10 11 12 13 14 15 16 17 18 19 20 21 22 23 24 25 |
---------------+----------------------------------------------------------------------------+-----
Unarmed Combat | 4 5 6 7 9 10 11 14 16 18 20 21 22 23 24 | 24.5
Evocations     | 1 5 8 |  8.0
Dodging        | 3 5 7 9 10 11 12 13 14 15 | 15.0
Fighting       | 4 6 8 10 12 14 15 16 17 18 19 | 19.4
Armour         | 4 6 7 8 9 10 11 12 13 14 | 14.2
Shields        | 6 14 15 16 17 18 19 20 | 20.4
Throwing       | 3 8 |  8.0

Action                     |  1- 3 |  4- 6 |  7- 9 | 10-12 | 13-15 | 16-18 | 19-21 | 22-24 | 25-27 || total
---------------------------+-------+-------+-------+-------+-------+-------+-------+-------+-------++-------
  Melee: Unarmed           |    62 |   113 |   207 |   323 |   558 |   952 |  1117 |  1441 |   189 ||  4962
         Headbutt          |       |       |       |    63 |   155 |       |       |       |       ||   218
         Constrict         |       |       |       |       |   142 |   205 |   240 |   214 |    26 ||   827
  Throw: Dart              |       |       |       |       |       |       |     1 |       |       ||     1
 Invoke: Berserk           |     2 |     3 |     9 |    17 |    12 |    12 |     4 |    12 |     3 ||    74
         Trog's Hand       |       |       |     2 |    10 |     4 |     3 |     1 |     8 |     1 ||    29
         Brothers in Arms  |       |       |       |       |     1 |     6 |     4 |    15 |     5 ||    31
Ability: Spit Poison       |    20 |    17 |    32 |    39 |    91 |   164 |    99 |    71 |     7 ||   540
  Evoke: Wand              |       |       |       |     7 |     3 |       |       |       |       ||    10
         Tin of tremorston |       |       |       |     2 |     2 |       |       |       |       ||     4
         Phial of floods   |       |       |       |       |     1 |       |       |       |     1 ||     2
         Phantom mirror    |       |       |       |       |       |       |       |     1 |     1 ||     2
         Box of beasts     |       |       |       |       |       |       |       |       |     1 ||     1
    Use: Potion            |       |     1 |       |     8 |     5 |       |       |     1 |       ||    15
         Scroll            |       |       |       |    17 |    10 |     5 |     2 |     4 |     3 ||    41
   Stab: Distracted        |       |       |       |       |       |     2 |       |     5 |     1 ||     8
         Sleeping          |       |       |       |       |       |       |       |       |     2 ||     2
 Armour: Animal skin       |    35 |    80 |   155 |    32 |       |       |       |       |       ||   302
         Steam dragon scal |       |       |       |   231 |    16 |       |       |       |       ||   247
         Ring mail         |       |       |       |       |    84 |       |       |       |       ||    84
         Plate armour      |       |       |       |       |   296 |   448 |   515 |   475 |       ||  1734
         Acid dragon scale |       |       |       |       |       |       |       |   151 |    68 ||   219
  Dodge: Dodged            |    26 |    49 |    47 |   136 |   118 |    55 |   139 |   258 |    26 ||   854
  Block: Buckler           |     4 |    12 |    26 |       |    20 |       |       |       |       ||    62
         Tower shield      |       |       |       |       |   388 |  1230 |  1613 |  1742 |   210 ||  5183

Table legend: (Time is in decaauts)
 A = Elapsed time spent in this place.
 B = Non-inter-level travel time spent in this place.
 C = Inter-level travel time spent in this place.
 D = Time resting spent in this place.
 E = Time spent auto-exploring this place.
 F = Levels seen in this place.
 G = Mean time per level.
                   A        B        C        D        E       F      G
               +--------+--------+--------+--------+--------+-----+--------+
         Total |  98436 |  90717 |   7719 |  11900 |  68793 |  50 | 1968.7 |
       Dungeon |  24050 |  21033 |   3017 |   3009 |  15663 |  15 | 1603.3 |
          Lair |  13072 |  11425 |   1647 |   1372 |   9127 |   5 | 2614.4 |
         Swamp |   8749 |   8531 |    218 |    257 |   7504 |   4 | 2187.2 |
     Snake Pit |  10197 |   9555 |    642 |    711 |   8068 |   4 | 2549.2 |
  Orcish Mines |   3843 |   3489 |    354 |    309 |   2742 |   2 | 1921.5 |
   Elven Halls |   3863 |   3489 |    374 |    306 |   2806 |   2 | 1931.5 |
        Vaults |  17455 |  16746 |    709 |   2339 |  12525 |   5 | 3491.0 |
        Depths |  12675 |  11930 |    745 |   3081 |   7638 |   4 | 3168.8 |
          Hell |      1 |      1 |      0 |      0 |      0 |   1 |    1.0 |
           Zot |    347 |    337 |     10 |      0 |    250 |   1 |  347.0 |
         Abyss |   2171 |   2171 |      0 |    495 |    732 |   6 |  361.8 |
      Ice Cave |   2008 |   2008 |      0 |     19 |   1734 |   1 | 2008.0 |
               +--------+--------+--------+--------+--------+-----+--------+

Top non-repeatable levels by time:
Vaults:4: 4598 daAuts
Depths:1: 3893 daAuts
Depths:3: 3434 daAuts
  Lair:5: 3429 daAuts
Vaults:3: 3426 daAuts
Vaults:2: 3370 daAuts
Depths:4: 3364 daAuts
Vaults:5: 3276 daAuts
    D:10: 2979 daAuts
 Snake:1: 2912 daAuts
 Snake:2: 2908 daAuts
  Lair:4: 2796 daAuts
Vaults:1: 2783 daAuts
  Lair:3: 2772 daAuts
    D:13: 2770 daAuts
